 Dungeon Crawl Stone Soup version 0.31-a0-233-g139696dc86 (webtiles) character file.

Game seed: 8100649117736918085

58 qw the Shooter (level 3, 0/29 HPs)
             Began as a Minotaur Hexslinger on July 8, 2023.
             Slain by a gnoll
             ... wielding a +0 spear
             ... led by a gnoll bouda
              (6 damage)
             ... on level 3 of the Dungeon.
             The game lasted 00:00:36 (1547 turns).

qw the Shooter (Minotaur Hexslinger)                Turns: 1547, Time: 00:00:37

Health: 0/29       AC:  5    Str: 18    XL:     3   Next: 76%
Magic:  3/3        EV: 11    Int: 10    God:
Gold:   146        SH:  0    Dex: 14    Spells: 3/4 levels left

rFire   . . .        Y - +1 sling
rCold   . . .        (no shield)
rNeg    . . .        a - +0 ring mail
rPois   .            (helmet restricted)
rElec   .            (no cloak)
rCorr   .            (no gloves)
SInv    .            (no boots)
Will    .....        (no amulet)
Stlth   +            e - +6 ring of strength
HPRegen 0.24/turn    (no ring)
MPRegen 0.08/turn

%: no passive effects
@: weakened
A: horns 2, retaliatory headbutt
a: no special abilities


You were on level 3 of the Dungeon.
You visited 1 branch of the dungeon, and saw 3 of its levels.

You collected 146 gold pieces.


Innate Abilities, Weirdness & Mutations

You have a pair of horns on your head.
You reflexively headbutt those who attack you in melee.


   Skills:
 - Level 2.0 Fighting
 + Level 4.3 Ranged Weapons
 - Level 2.1 Dodging
 - Level 1.0 Spellcasting
 - Level 2.0 Hexes


You had 3 spell levels left.
You knew the following spells:

 Your Spells              Type           Power      Damage    Failure   Level
a - Slow                  Hex            16%        N/A       26%         1

Your spell library contained the following spells:

 Spells                   Type           Power      Damage    Failure   Level
 Inner Flame              Hex/Fire       2%         N/A       77%         3
 Portal Projectile        Hex/Tloc       4%         N/A       77%         3
 Cause Fear               Hex            2%         N/A       95%         4

Inventory:

Hand Weapons
 Y - a +1 sling (weapon)
Armour
 a - a +0 ring mail (worn)
Jewellery
 e - a +6 ring of strength (left hand)
 j - a +6 ring of intelligence
Scrolls
 h - a scroll of teleportation
 l - a scroll of enchant armour {unknown}
Potions
 b - a potion of heal wounds {unknown}
 c - a potion of attraction {unknown}
 d - a potion of mutation {unknown}
 f - a potion of curing
 g - a potion of might {unknown}
 i - a potion of degeneration {unknown}
 k - a potion of brilliance {unknown}

Dungeon Overview and Level Annotations

Branches:
Dungeon (3/15)

Altars:
Trog


Message History

The jelly quivers.
You shoot a sling bullet.
The sling bullet barely misses the gnoll bouda.
The gnoll bouda barks out a call to the hunt!
The gnolls pick up the pace!
The gnoll misses you.
The gnoll bouda gazes fiercely through you!
You feel your attacks grow feeble. The gnoll bouda closely misses you.
An orc comes into view. It is wielding a +0 club.
The gnoll hits you with a +0 club.
The orc shouts!
You shoot a sling bullet. The sling bullet hits the gnoll bouda.
The gnoll bouda is moderately wounded.
The gnoll bouda hits you with a +0 club.
The gnoll hits you with a +0 club.
1544 ||| Stepping ~*~*~tactically~*~*~ (outnumbered).
You shoot a sling bullet.
The sling bullet closely misses the gnoll bouda.
The sling bullet barely misses the gnoll.
The gnoll bouda gazes fiercely through you!
You feel as though you will be weak longer.
The gnoll bouda hits you but does no damage.
The gnoll hits you with a +0 club.
You shoot a sling bullet. The sling bullet hits the gnoll bouda.
The gnoll bouda is severely wounded.
The gnoll bouda gazes fiercely through you!
You feel as though you will be weak longer.
The gnoll bouda hits you with a +0 club.
The gnoll closely misses you. You furiously retaliate!
You headbutt the gnoll. You shoot a sling bullet.
The sling bullet hits the gnoll bouda.
The gnoll bouda is severely wounded.
The gnoll bouda barks out a call to the hunt!
The gnoll picks up the pace!
The gnoll hits you from afar with a +0 spear.
The gnoll hits you with a +0 club.
The gnoll bouda calls upon its god to heal the gnoll.
The gnoll's wounds heal themselves!
The gnoll hits you from afar with a +0 spear.
You die...

######### #.......#
###.......#
#######..#.....(.#
......##.#.......#
.....#..#......@#
##.##.#..#.....gg#
...#............gg....P.
......#.#######.###g....
..#.####.. . #.# ..oP
......# ..... #.# P..
....#.##......#.# ..
.......+........+ .
..<...##......#.


You could see a gnoll bouda and 3 gnolls.

Vanquished Creatures
  2 adders
  An orc (D:3)
  A ball python (D:2)
  3 bats
  4 endoplasms
  3 giant cockroaches
  5 goblins
  3 hobgoblins
  2 jackals (D:1)
  3 frilled lizards
  2 kobolds
  10 rats
39 creatures vanquished.

Notes
Turn   | Place    | Note
-------+----------+-------------------------------------------
     0 | D:1      | qw the Minotaur Hexslinger began the quest for the Orb.
     0 | D:1      | Reached XP level 1. HP: 16/16 MP: 1/1
     0 | D:1      | 0 ||| qw: Version: 0.3-a-46-gb1f654a
     0 | D:1      | 0 ||| qw: Game counter: 3619
     0 | D:1      | 0 ||| qw: Melee chars always use a shield: true
     0 | D:1      | 0 ||| qw: God list: Okawaru
     0 | D:1      | 0 ||| qw: Allow faded altars: false
     0 | D:1      | 0 ||| qw: Do Orc after clearing Dungeon:15 true
     0 | D:1      | 0 ||| qw: Do second Lair branch before Depths: true
     0 | D:1      | 0 ||| qw: Lair rune preference: random
     0 | D:1      | 0 ||| qw: Goals: Normal
     0 | D:1      | 0 ||| PLANNING D:1-11
   187 | D:1      | Reached skill level 3 in Ranged Weapons
   189 | D:1      | Reached XP level 2. HP: 23/23 MP: 2/2
   726 | D:1      | 726 ||| UPGRADING to +6 ring of strength.
   727 | D:1      | 727 ||| READING scroll labelled HAOF FEVUA.
   728 | D:1      | 728 ||| READING scroll labelled PIXUWI IDDEO.
   729 | D:1      | 729 ||| DRINKING 2 fuming clear potions.
   730 | D:1      | 730 ||| DROPPING scroll of poison.
   766 | D:2      | Found a bloodstained altar of Trog.
   839 | D:2      | Reached XP level 3. HP: 27/29 MP: 3/3
  1127 | D:2      | Reached skill level 4 in Ranged Weapons
  1427 | D:2      | 1427 ||| UPGRADING to +0 ring mail.
  1437 | D:2      | 1437 ||| DROPPING +0 robe.
  1438 | D:2      | 1438 ||| READING scroll labelled ZABAM JARGHEE.
  1441 | D:2      | 1441 ||| READING scroll labelled MIUZEN ZELO.
  1442 | D:2      | 1442 ||| READING scroll labelled IGUBBO KACS.
  1462 | D:3      | 1462 ||| STAIRDANCE
  1544 | D:3      | 1544 ||| Stepping ~*~*~tactically~*~*~ (outnumbered).
  1547 | D:3      | HP: 6/29 [gnoll/+0 club[a gnoll bouda] (3)]
  1547 | D:3      | Slain by a gnoll

Levels and vault maps discovered:
D:1:      dpeg_arrival_signposts, layout_loops_cross, minmay_rat_gold_closets
D:2:      layout_basic, basic_altar
D:3:      layout_basic, mainiacjoe_overflow_tiny_flanked, minitemple,
          serial_shops, shop, nicolae_grassy_gnolls, uniq_grinder

Skill      XL: |  1  2  3 |
---------------+----------+-----
Ranged Weapons | 3 4 |  4.3
Fighting       | 2 |  2.0
Dodging        | |  2.1
Spellcasting   | |  1.0
Hexes          | |  2.0

Action                     || total
---------------------------++-------
   Fire: Sling             ||   126
    Use: Scroll            ||     5
         Potion            ||     1
 Armour: Robe              ||    13
         Ring mail         ||     3
  Dodge: Dodged            ||    33

Table legend:
 A = Non-vault XP
 B = Vault XP
 C = Vault XP percentage of total XP
 D = Non-vault monster count
 E = Vault monster count
 F = Vault count percentage of total count
                 A         B        C        D         E       F
            +---------+---------+-------+---------+---------+-------
      Total |      79 |       5 |   6.0 |      34 |       5 |  12.8
            +---------+---------+-------+---------+---------+-------
        D:1 |      26 |       5 |  16.1 |      15 |       5 |  25.0
        D:2 |      35 |       0 |   0.0 |      15 |       0 |   0.0
        D:3 |      18 |       0 |   0.0 |       4 |       0 |   0.0
            +---------+---------+-------+---------+---------+-------
